Cogmind - Beta 14 @@@ ROGUE MODE // 2025.05.02 @ 22:25:43 Player: Quartz Result: Destroyed by G-34 Mercenary with Small Laser Performance ------------- Evolutions (0) 0 Regions Visited (1) 200 Robots Destroyed (16) 80 Value Destroyed (381) 381 Prototype IDs (2) 40 Alien Tech Used (0) 0 Bonus (0) 0 TOTAL SCORE: 701 Bonus ------- None Cogmind --------- Core Integrity 0/250 Matter 300/300 Energy 96/100 System Corruption 0% Temperature Warm (133) Movement Core (150) Ox2 Location -10/Materials Parts ------- > --- POWER (1) -------- (None) > --- PROPULSION (2) --- (None) > --- UTILITY (2) ------ Small Storage Unit Core Shielding > --- WEAPON (2) ------- Small Laser > --- INVENTORY (8) ---- Light Nuclear Core Aluminum Leg Improved Heat Sink Peak State ------------ > --- POWER ------------ Light Ion Engine > --- PROPULSION ------- Aluminum Leg Aluminum Leg > --- UTILITY ---------- Small Storage Unit Seismic Detector > --- WEAPON ----------- Small Laser Mining Laser > --- INVENTORY -------- Light Ion Engine [Rating: 7] Favorites ----------- Power Light Ion Engine Engine Light Ion Engine Propulsion Aluminum Leg Leg Aluminum Leg Utility Small Storage Unit Device Seismic Detector Storage Small Storage Unit Protection Core Shielding Weapon Small Laser Energy Gun Small Laser Special Weapon Mining Laser Build | -11 -10 ------- Run | Yrd Mat Slots Evolved . | . . Power . | . . Propulsion . | . . Utility . | . . Weapon . | . . Parts Attached 17 | 6 11 Power 2 | 1 1 Engine 2 | 1 1 Core . | . . Reactor . | . . Propulsion 5 | 2 3 Treads . | . . Leg 5 | 2 3 Wheel . | . . Hover . | . . Flight . | . . Utility 4 | 1 3 Device 1 | . 1 Storage 1 | 1 . Processor . | . . Hackware . | . . Protection 2 | . 2 Artifact . | . . Weapon 6 | 2 4 Energy Gun 5 | 2 3 Energy Cannon . | . . Ballistic Gun . | . . Ballistic Cannon . | . . Launcher . | . . Special Weapon 1 | . 1 Impact Weapon . | . . Slashing Weapon . | . . Piercing Weapon . | . . Special Melee Weapon . | . . Unidentified Prototypes . | . . Parts Lost 9 | . 9 Power 2 | . 2 Propulsion 2 | . 2 Utility 1 | . 1 Weapon 4 | . 4 Highest Loss Streak 4 | . 4 To Critical Strikes . | . . Average Slot Usage (%) 87 | . 87 Engine 12 | . 12 Leg 21 | . 21 Device 3 | . 3 Storage 14 | . 14 Protection 8 | . 8 Energy Gun 22 | . 22 Special Weapon 2 | . 2 Peak Build Rating 7 | 6 7 Average Rating 6 | 4 6 On Entrance 3 | . 6 Naked Turns . | . . Heaviest Build 11 | 11 11 Greatest Support 20 | 20 20 Greatest Overweight (x) 2 | 1 2 Average Overweight (x) . | . . Largest Inventory Capacity 8 | 8 8 Average Capacity 7 | 7 8 Most Carried 8 | 5 8 Average Carried 3 | 1 3 Final Capacity 8 | 8 8 Final Carried 3 | 3 3 Class Distribution -------------------- 86% | Mutant 13% | Scavenger-Mutant Dominant Class ---------------- Mutant | -10/Materials Resources | -11 -10 ----------- Run | Yrd Mat Matter Collected 350 | 209 141 Remotely . | . . Salvage Created 701 | 142 559 Parts 32 | 11 21 Haulers Intercepted 1 | . 1 Recyclers Shooed 4 | 1 3 Parts Field Recycled . | . . Retrieved Matter . | . . Parts Self-Destructed . | . . Prevented . | . . Kills | -11 -10 ------- Run | Yrd Mat Combat Hostiles Destroyed 9 | . 9 Guns 9 | . 9 Classes Destroyed 5 | 2 3 Worker 1 | . 1 Tunneler 3 | 3 . Hauler 1 | . 1 Recycler 2 | 1 1 Grunt 9 | . 9 Best Kill Streak 4 | 4 2 Combat Bots Only 2 | . 2 Max Kills in Single Turn 2 | 1 2 Gunslinging . | . . Exploded . | . . Melee . | . . Uniques/NPCs Destroyed . | . . Combat | -11 -10 -------- Run | Yrd Mat Hostile Shots Fired 101 | . 101 Missed 14 | . 14 Damage Taken 1052 | . 1052 Core 256 | . 256 Absorbed by Shields . | . . Redirected to Shielding 39 | . 39 Regen/Repaired (Parts) 35 | . 35 Core Remaining (%) 100 | 100 . Volleys Fired 92 | 8 84 Largest 2 | 2 2 Hottest 140 | 80 140 Shots Fired 139 | 16 123 Gun 129 | 16 113 Cannon . | . . Launcher . | . . Special 10 | . 10 Kinetic . | . . Thermal 131 | 8 123 Explosive . | . . Electromagnetic 8 | 8 . Robot Hit Streak 13 | 10 13 Robot Miss Streak 5 | 1 5 Penetration Max . | . . Secondary Targets . | . . Shots Hit Robots 90 | 12 78 Core Hits 35 | 5 30 Critical Kills . | . . Critical Parts Destroyed . | . . Critical Strikes . | . . Melee Attacks . | . . Impact . | . . Slashing . | . . Piercing . | . . Sneak Attacks . | . . Combat Hostiles . | . . Follow-up Attacks . | . . Damage Inflicted 1049 | 148 901 Guns 977 | 148 829 Cannons . | . . Explosions . | . . Melee . | . . Ramming . | . . Kinetic . | . . Thermal 969 | 68 901 Explosive . | . . Electromagnetic 80 | 80 . Impact . | . . Slashing . | . . Piercing . | . . Highest Corruption . | . . Average Corruption . | . . Corruption Purged . | . . Corruption Blocked . | . . Overload Shots . | . . Overflow Damage . | . . Projectiles . | . . Explosions . | . . Melee . | . . Knockbacks . | . . Impact . | . . Kinetic . | . . Secondary . | . . Self-Inflicted Damage . | . . Shots . | . . Rammed . | . . Targets Rammed 1 | . 1 Kicked 1 | . 1 Crushed . | . . Highest Temperature 255 | 90 255 Average Temperature 79 | 40 83 Received Heat Transfer 630 | . 630 Effects 1 | . 1 Energy Bleed 1 | . 1 Siege Activations . | . . Robots Corrupted . | . . Combat Hostiles . | . . Parts Fried . | . . Impact Corruptions . | . . Robots Melted . | . . Combat Hostiles . | . . Parts Melted 2 | . 2 Heat Transferred 2200 | 150 2050 Parts Sabotaged . | . . Parts Stolen . | . . Parts Stripped . | . . Power Chain Reactions . | . . Alert | -11 -10 ------- Run | Yrd Mat Peak Influence 245 | 20 245 Initial 13 | . 13 Average 65 | 6 71 Maximum Alert Level 1 | . 1 Low Security (%) 95 | 100 95 Level 1 4 | . 4 Level 2 . | . . Level 3 . | . . Level 4 . | . . Level 5 . | . . High Security . | . . Max Security . | . . Squads Dispatched 4 | . 4 Investigation 1 | . 1 Extermination . | . . Reinforcement 3 | . 3 Assault . | . . Garrison . | . . Intercept . | . . Searches Triggered . | . . Construction Impeded . | . . Haulers Reinforced . | . . Active Scanning Responses . | . . Cargo Convoy Interrupts . | . . Stealth | -11 -10 --------- Run | Yrd Mat Distress Signals 1 | . 1 Communications Jammed . | . . Distress Signals . | . . Times Spotted 21 | . 21 Peak Tracking Total 4 | . 4 Tactical Retreats . | . . Traps | -11 -10 ------- Run | Yrd Mat Traps Triggered 1 | . 1 Indirectly . | . . Trap Hack Attempts . | . . Triggered . | . . Disarmed . | . . Reprogrammed . | . . Reused . | . . Traps Extracted . | . . Installed . | . . Triggered . | . . Machines | -11 -10 ---------- Run | Yrd Mat Machines Disabled . | . . Max in Single Turn . | . . Machines Repaired . | . . Machines Dismantled . | . . Machines Sabotaged . | . . Overloaded Fab Kills . | . . Hacking | -11 -10 --------- Run | Yrd Mat Machines Accessed 5 | . 5 Terminals 3 | . 3 Fabricators . | . . Repair Stations 1 | . 1 Recycling Units 1 | . 1 Scanalyzers . | . . Garrison Access . | . . Total Hacks 11 | . 11 Successful 8 | . 8 Failed 3 | . 3 Catastrophic . | . . Database Lockouts . | . . Manual . | . . Terminals 8 | . 8 Fabricators . | . . Repair Stations 2 | . 2 Recycling Units 1 | . 1 Scanalyzers . | . . Garrison Access . | . . Terminal Hacks 5 | . 5 Prototype ID Bank 1 | . 1 Unreport Threat 1 | . 1 Locate Traps 1 | . 1 Dispatch Records 1 | . 1 Hauler Manifests 1 | . 1 Fabricator Hacks . | . . Repair Station Hacks 2 | . 2 Scan Component 1 | . 1 Repair 1 | . 1 Recycling Unit Hacks 1 | . 1 Report Inventory 1 | . 1 Scanalyzer . | . . Garrison Access Hacks . | . . Unauthorized Hacks . | . . Terminals . | . . Fabricators . | . . Repair Stations . | . . Recycling Units . | . . Scanalyzers . | . . Garrison Access . | . . Data Cores Recovered . | . . Used . | . . Hacking Detections 3 | . 3 Full Trace Events . | . . Feedback Events . | . . Feedback Blocked . | . . Robot Schematics Acquired . | . . Robots Built . | . . Authchips . | . . Time . | . . Total Robot Build Rating . | . . Part Schematics Acquired . | . . Parts Built . | . . Authchips . | . . Time . | . . Total Part Build Rating . | . . Parts Repaired 1 | . 1 Time 26 | . 26 Parts Recycled . | . . Recycled Matter . | . . Retrieved Matter . | . . Retrieved Components . | . . Parts Scanalyzed . | . . Part Schematics Acquired . | . . Parts Damaged . | . . Bothacking | -11 -10 ------------ Run | Yrd Mat Used RIF Installer . | . . Robots Hacked . | . . Non-combat . | . . Combat . | . . Robot Hacks Applied . | . . Relay Couplers Released . | . . Fabnet Peak Effective % . | . . Robots Rewired . | . . Allies Hacked . | . . Hacks Repelled . | . . Allies | -11 -10 -------- Run | Yrd Mat Total Allies . | . . Largest Group . | . . Highest-Rated Group . | . . Highest-Rated Ally . | . . Total Orders . | . . Ally Attacks . | . . Total Damage . | . . Kills . | . . Allies Corrupted . | . . Allies Melted . | . . Intel | -11 -10 ------- Run | Yrd Mat Robot Analysis Total . | . . Derelict Logs Recovered . | . . Drone Launches . | . . Drone Recoveries . | . . Exploration | -11 -10 ------------- Run | Yrd Mat Turns Passed 953 | 99 854 Spaces Moved 394 | 55 339 Core 19 | 18 1 Treads . | . . Legs 375 | 37 338 Wheels . | . . Hover . | . . Flight . | . . Fastest Speed 50 | 50 120 Average Speed 141 | 99 147 Slowest Speed 190 | 120 190 Overloaded Moves . | . . Propulsion Burnouts . | . . Robots Hopped . | . . Cave-ins Triggered . | . . Exploration Rate (%) 29 | 4 54 Regions Visited 1 Branch Regions . Pre-discovered Areas . | . . Known Exits Taken . | . . Unknown Exits Taken 1 | 1 . Scrap Searched . | . . Spaces Dug 1 | . 1 Terrain Destroyed 5 | . 5 Melee . | . . Projectile 5 | . 5 AOE . | . . Terrain Rammed . | . . Walls Destroyed . | . . Machines Disabled . | . . Actions | -11 -10 --------- Run | Yrd Mat Total 630 | 83 547 Wait 104 | 5 99 Move 393 | 54 339 Hop . | . . Pick Up 19 | 9 10 Fast Attach 1 | 1 . Attach 12 | 5 7 Detach . | . . Swap 4 | . 4 Drop 4 | 1 3 Fire 92 | 8 84 Melee . | . . Ram . | . . Kick 1 | . 1 Crush . | . . Escape Stasis . | . . Rewire . | . . Trap . | . . Miscellaneous . | . . Route ------- -11/Scrapyard -10/Materials (discovered 3 exits: [*Mat] / [*Min] / [*Sub]) History --------- Turn | Location | Event 8 | -11/Scrapyard | Discovered new exit (range 15) 100 | -11/Scrapyard | Entered Materials 178 | -10/Materials | Discovered new exit (range 4) 259 | -10/Materials | Discovered new exit (range 7) 314 | -10/Materials | Build established: Mutant 631 | -10/Materials | Discovered new exit (range 16) 924 | -10/Materials | Repaired Core Shielding 936 | -10/Materials | Core integrity fell below 50% 947 | -10/Materials | Core integrity fell below 20% 954 | -10/Materials | Destroyed by G-34 Mercenary with Small Laser Last Messages --------------- >>Scan(Core Shielding) Scanning Core Shielding... Ready to Repair: Core Shielding Rating: 1 Time: 26 >>Repair Repairing Core Shielding... ETC: 26 00924_ Repair station completes Core Shielding repairs. 00924_ Acquired Core Shielding. 00928_ Critical hit (Burn: +37). 00929_ Lgt. Ion Engine destroyed. 00931_ Aluminum Leg destroyed. 00934_ Sml. Laser destroyed. 00942_ G-34 Mercenary destroyed. 00946_ Sml. Laser destroyed. 00950_ G-47 Trooper destroyed. 00952_ Acquired 5 matter. Map ----- +----------------------------------------------------+ | ?????????????????????????????????????????????????? | | ?????? ??????????????????????????????????????????? | | ?????? ????????????????????????????????????????? | | ????? ?#####???????????????????????????????????? | | ????? ??????????????????????????????????? | | ????# ? #??????????????????????????????????? | | ????# #??????????????????????????????????? | | ????# """ #??????????????????????????????????? | | ????# """ #??????????????????????????????????? | | ????# """ #??????????????????????????????????? | | ????# """ #??????????????????????????????????? | | ????# #??????????????????????????????????? | | ##### #??????????????????????????????????? | | #####??????????????????????????????? | | ??????????????????????????????? | | #########?????????#??????????????????? | | ### #"""""""#???????? +??????????????????? | | #?# !*#" !"! "#??????? #??????????????????? | | #?# "Y"%%#" "####### ######?????????????? | | #?# """ =%%% #?????????????? | | #?# * < ^^ ???????????? | | #?# %^^ ???????????? | | #?# ##### ##+######## ?????????????? | | #?#######???#########% #?????????????????????? | | #######????????????## #?????????????????????? | | # #?????????????# """@%#?????????????????????? | | "" #?????????????# "R #?????????????????????? | | T +?????????????# """gg#?????????????????????? | | #?????????????# #?????????????????????? | | # #?????????????####+###?????????????????????? | | ## ##????????????????# #???????????????????????? | | # #?????????????????# #???????????????????????? | | # #?????????######### ##??????????????????????? | | + ########### #??????????????????????? | | # %% #??????????????????????? | | # ########### #??????????????????????? | | # ########??# ###+##+#######????????????????? | | ## # #??# # #????????????????? | | ?# # "" #??# # #????????????????? | | ?# # "T #??# # ! #????????????????? | | ?# + "" #??# # #????????????????? | | ?# # #??# # % #????????????????? | | ?# # #??# ##############????????????????? | | ## ########### #?????#<####??????????????????? | | # # ## #?????###?#???????????????????? | | # # ## #????????# ###????????????????? | | # + ## ##???????# #????????????????? | | # # # ########## ###########???????? | | # ######### #???????? | | ###+#######???# [ #???????? | +----------------------------------------------------+ Best States ------------- Heat Dissipation 25 Energy Generation 10 Energy Capacity 125 Matter Stores 300 Matter Capacity 300 Sight Range 16 Terrain Scan Density 10 Core Shielding 20 Evasion (%) 55 Item Schematics ----------------- None Robot Schematics ------------------ None Fabricated ------------ Nothing Alien Tech Used ----------------- None Achievements -------------- None Challenges ------------ None Game ------ Seed CoreFrostRay Manual? 0 Play Time 00:12:41 Cumulative 6.8 hours Start 2025.05.02 @ 22:13:29 End 2025.05.02 @ 22:25:43 Sessions 1 Manual Loads 0 Difficulty Rogue Special Mode None Game No. 15 Rogue 15 Adventurer 0 Explorer 0 Win Type - Total 0 Types 0/0/0/0/0/0/0/0/0 Lore% 4 Gallery% 11 Achievement% 11 Wizard Run 0 Options --------- Layout 1 ASCII 0 Keyboard 0 Movement Mouse Keybinds 0 Fullscreen 1 Font 24/Smallcaps Map View 50x35 Zoom Use 0% Tactical HUD 1 Map Filters NONE Filters NONE Steam 1 RUN: 95dcc59d-8674-4491-9417-0651f5c2217f